 Dungeon Crawl Stone Soup version 0.30-a0-52-g86a8295270 (webtiles) character file.

Game seed: 4751924301903042472

183 Newt the Shooter (level 5, 0/33 HPs)
             Began as a Kobold Hunter on Sept 6, 2022.
             Was an Initiate of Qazlal.
             Slain by an orc wizard
             ... wielding a +0 dagger
              (2 damage)
             ... on level 3 of the Dungeon.
             The game lasted 00:04:07 (2930 turns).

Newt the Shooter (Kobold Hunter)                    Turns: 2930, Time: 00:04:08

Health: 0/33       AC:  4    Str:  8    XL:     5   Next: 94%
Magic:  5/5        EV: 14    Int: 11    God:    Qazlal [......]
Gold:   182        SH:  0    Dex: 20    Spells: 4/4 levels left

rFire   . . .      SeeInvis .    a - +0 shortbow
rCold   . . .      Faith    .    (shield currently unavailable)
rNeg    . . .      Spirit   .    c - +0 leather armour
rPois   .          Reflect  .    (no helmet)
rElec   .          Harm     .    (no cloak)
rCorr   .          Rampage  .    n - +0 pair of gloves
Will    .....                    (no boots)
Stlth   +++.......               (no amulet)
HPRegen 0.11/turn                (no ring)
MPRegen 0.09/turn                (no ring)

@: no status effects
A: small, no large weapons, nightstalker 3
a: Renounce Religion


You were on level 3 of the Dungeon.
You worshipped Qazlal.
Qazlal was noncommittal.
You visited 1 branch of the dungeon, and saw 4 of its levels.

You collected 182 gold pieces.

Inventory:

Hand Weapons
 a - a +0 shortbow (weapon)
Armour
 c - a +0 leather armour (worn)
 n - a +0 pair of gloves (worn)
Wands
 e - a wand of iceblast (5)
Scrolls
 b - 2 scrolls of immolation
 g - a scroll of identify
Potions
 d - 2 potions of cancellation
 h - a potion of flight {unknown}
 i - a potion of brilliance
 j - a potion of degeneration {unknown}
 k - a potion of mutation {unknown}
 l - a potion of berserk rage {unknown}
 m - a potion of invisibility {unknown}
 o - a potion of attraction {unknown}


   Skills:
 - Level 4.0 Fighting
 + Level 7.8 Ranged Weapons
 - Level 2.4 Dodging
 - Level 1.3 Stealth


You had 4 spell levels left.
You didn't know any spells.
Your spell library was empty.

Dungeon Overview and Level Annotations

Branches:
Dungeon (4/15)
 Temple: D:4-7

Altars:
Elyvilon
Qazlal
Yredelemnul
The Shining One


Innate Abilities, Weirdness & Mutations

You are small and have problems with some larger weapons.
You are completely attuned to the shadows.


Message History

In your confused state, you trip and fall back down the stairs.
The orc wizard hits you with a +0 dagger.
The hobgoblin hits you but does no damage.
Something hits you but does no damage.
Unknown command.
The hobgoblin hits you. Something hits you.
The orc wizard hits you with a +0 dagger.
You climb upwards.
Reactivating autopickup.
There is a stone staircase leading down here.
Unknown command.
The hobgoblin attacks as you move away! The hobgoblin misses you.
Something hits you.
Deactivating autopickup; reactivate with Ctrl-A.
You barely miss the hobgoblin.
You feel less confused. Something hits you.
* * * LOW HITPOINT WARNING * * *
The hobgoblin closely misses you. The orc wizard closely misses you.
A magic dart appears from out of thin air!
The magic dart hits you.
* * * LOW HITPOINT WARNING * * *
You feel better. The hobgoblin closely misses you.
The orc wizard hits you but does no damage.
As you read the scroll labelled ONOIKK QOCAU, it crumbles to dust.
It is a scroll of identify.
d - 2 potions of cancellation Something hits you.
* * * LOW HITPOINT WARNING * * *
The hobgoblin hits you.
* * * LOW HITPOINT WARNING * * *
The orc wizard barely misses you.
Unknown command.
You hear some strange, mumbled words.
A puff of flame appears from out of thin air!
The puff of flame hits you.
* * * LOW HITPOINT WARNING * * *
The orc wizard attacks as you move away!
The orc wizard barely misses you. Something hits you.
You die...

#..#.....#...##≈≈..##..).#
#..#######...#≈≈...####..#
#............'§..§_8# ##.#
#............#≈≈§§.####..####
##...........##≈§.§##.......#
#............##≈≈§#...#.##..
#.............###8#####.###.
#.........o.#..###* ##......
#.........g@.....####..#####
##........{.###.......##
##.........#################
#...........................
#.....>)....#....##...#.....
#....)^)....#........##.....
#...........#....._..##.....
#....<................#.....
##........#.###..###........


You could see an orc wizard and a hobgoblin.

Vanquished Creatures
  A scorpion (D:3)
  An orc priest (D:3)
  3 adders
  3 worms
  2 orcs (D:3)
  7 ball pythons
  3 endoplasms
  3 giant cockroaches
  2 kobolds
  3 quokkas
  9 bats
  3 frilled lizards
  7 goblins
  6 rats
53 creatures vanquished.

Notes
Turn   | Place    | Note
-------+----------+-------------------------------------------
     0 | D:1      | Newt the Kobold Hunter began the quest for the Orb.
     0 | D:1      | Reached XP level 1. HP: 12/12 MP: 1/1
   195 | D:1      | Reached XP level 2. HP: 17/17 MP: 2/2
   207 | D:1      | Reached skill level 6 in Ranged Weapons
   514 | D:1      | Reached XP level 3. HP: 21/21 MP: 3/3
  1391 | D:2      | Reached skill level 7 in Ranged Weapons
  1409 | D:2      | Reached XP level 4. HP: 27/27 MP: 4/4
  1984 | D:3      | Found a stormy altar of Qazlal.
  2019 | D:3      | Found a basalt altar of Yredelemnul.
  2019 | D:3      | Found a glowing golden altar of the Shining One.
  2019 | D:3      | Found a white marble altar of Elyvilon.
  2172 | D:3      | Noticed a scorpion
  2182 | D:3      | HP: 1/28 [poisoned by a scorpion]
  2186 | D:3      | Killed a scorpion
  2187 | D:3      | Reached XP level 5. HP: 16/33 MP: 5/5
  2431 | D:3      | Found a faded altar of an unknown god.
  2634 | D:3      | Became a worshipper of Qazlal Stormbringer
  2914 | D:4      | Noticed an ogre
  2930 | D:3      | Slain by an orc wizard

Illustrated notes

Levels and vault maps discovered:
D:1:      eino_arrival_cavern_a, layout_loops_ring
D:2:      layout_basic
D:3:      layout_rooms, gammafunk_temple_overflow_claw, amcnicky_altar_gilded,
          hellmonk_ecumenical_altar_lost_god
D:4:      layout_loops_cross, mainiacjoe_overflow_24_doors,
          general_overflow_altar, portal_sewer_entry_a, uniq_edmund, uniq_pikel

Skill      XL: |  1  2  3  4 |
---------------+-------------+-----
Ranged Weapons | 6 7 |  7.8
Fighting       | 4 |  4.0
Dodging        | |  2.4
Stealth        | |  1.3

Action                   |  1- 3 |  4- 6 || total
-------------------------+-------+-------++-------
Melee: Shortbow          |       |     1 ||     1
 Fire: Shortbow          |    68 |    46 ||   114
  Use: Scroll            |       |     7 ||     7
       Potion            |       |     4 ||     4
Armor: Leather armour    |     2 |    14 ||    16
Dodge: Dodged            |    26 |    28 ||    54

Table legend: (Time is in decaauts)
 A = Elapsed time spent in this place.
 B = Non-inter-level travel time spent in this place.
 C = Inter-level travel time spent in this place.
 D = Time resting spent in this place.
 E = Time spent auto-exploring this place.
 F = Levels seen in this place.
 G = Mean time per level.
                   A        B        C        D        E       F      G
               +--------+--------+--------+--------+--------+-----+--------+
         Total |   2956 |   2873 |     83 |    964 |   1613 |   4 |  739.0 |
       Dungeon |   2956 |   2873 |     83 |    964 |   1613 |   4 |  739.0 |
               +--------+--------+--------+--------+--------+-----+--------+

Top non-repeatable levels by time:
     D:3: 1175 daAuts
     D:2: 1065 daAuts
     D:1: 701 daAuts
     D:4: 13 daAuts
